 Dungeon Crawl Stone Soup version 0.30-a0-883-g5ad918d77d (webtiles) character file.

Game seed: 1230158682915395057

548 IdlyInterested the Slasher (level 7, -6/52 HPs)
             Began as a Demonspawn Gladiator on Mar 16, 2023.
             Shot with an arrow by a centaur (11 damage)
             ... on level 5 of the Dungeon.
             The game lasted 00:11:34 (3231 turns).

IdlyInterested the Slasher (Demonspawn Gladiator)   Turns: 3231, Time: 00:11:35

Health: -6/52      AC:  9    Str: 14    XL:     7   Next: 7%
Magic:  7/7        EV:  7    Int:  9    God:
Gold:   195        SH:  5    Dex: 17    Spells: 6/6 levels left

rFire   . . .      SeeInvis .    m - +0 scimitar
rCold   . . .      Faith    .    (no shield)
rNeg    . . .      Spirit   .    u - +0 chain mail
rPois   .          Reflect  +    (helmet restricted)
rElec   .          Rampage  .    v - +0 cloak
rCorr   .                        (no gloves)
Will    .....                    (no boots) Stlth
                                 p - amulet of reflection
HPRegen 0.28/turn                (no ring)
MPRegen 0.10/turn                (no ring)

@: studying Short Blades
A: claws 1, hooves 1, horns 1, powered by pain 1
a: no special abilities


You were on level 5 of the Dungeon.
You visited 1 branch of the dungeon, and saw 5 of its levels.

You collected 195 gold pieces.

Inventory:

Hand Weapons
 a - a +0 long sword of flaming
 m - a +0 scimitar (weapon)
 q - a +0 short sword
Missiles
 b - 2 poisoned darts
 d - 6 throwing nets
 e - 5 javelins
 g - 18 stones (quivered)
Armour
 r - a +0 tower shield
 u - a +0 chain mail (worn)
 v - a +0 cloak (worn)
Jewellery
 c - a ring of fire
 p - an amulet of reflection (around neck)
Scrolls
 n - a scroll of acquirement
 o - a scroll of teleportation
 s - a scroll of noise {unknown}
Potions
 f - a potion of ambrosia {unknown}
 h - a potion of flight
 i - 2 potions of curing
 j - a potion of might
 k - 2 potions of lignification
 l - a potion of magic
 t - a potion of resistance {unknown}
 w - a potion of haste {unknown}
 x - a potion of brilliance {unknown}


   Skills:
 * Level 3.0 Fighting
 + Level 6.1 Long Blades
 - Level 2.0 Throwing
 - Level 1.0 Armour
 - Level 3.0 Dodging
 - Level 1.0 Stealth
 - Level 2.0 Unarmed Combat
 - Level 1.0 Evocations


You had 6 spell levels left.
You didn't know any spells.
Your spell library was empty.

Dungeon Overview and Level Annotations

Branches:
Dungeon (4/15)
 Temple: D:4-7

Altars:
Nemelex Xobeh


Innate Abilities, Weirdness & Mutations

You have sharp fingernails.
You have large cloven feet.
You have a pair of small horns on your head.
You sometimes gain a little power by taking damage.


Message History

f - a bubbling blue potion
Found 13 gold pieces.
A shadow imp comes into view.
You see here 15 gold pieces.
You slash the shadow imp! You kick the shadow imp.
You kill the shadow imp!
You now have 182 gold pieces (gained 15).
You now have 195 gold pieces (gained 13).
g - 19 stones (gained 5)
You are starting to lose your buoyancy.
An ogre comes into view. It is wielding a +0 giant club.
Found a stone staircase leading down.
Throw: 19 stones
Press: ? - help, Q - select action, (/) - cycle Shift-Dir - straight line, f - ogre
Aim: an ogre, wielding a +0 giant club (76% to hit)
You throw a stone. The stone hits the ogre.
The ogre is lightly wounded.
Your hearing returns.
You slash the ogre! Your headbutt misses the ogre.
The ogre is moderately wounded.
You float gracefully downwards.
A centaur comes into view.
The centaur wields a +0 shortbow.
The centaur shoots an arrow.
The arrow hits you! The ogre hits you with a +0 giant club!
You slash the ogre! You kick the ogre. You headbutt the ogre.
The ogre is almost dead.
The centaur shoots an arrow.
The arrow hits you.
You slash the ogre!
You kill the ogre!
The centaur shoots an arrow.
The arrow hits you but does no damage.
The centaur shoots an arrow.
The arrow hits you!
Your Fighting skill increases to level 3!
You have reached level 7!
The centaur shoots an arrow.
The arrow hits you.
The centaur shoots an arrow.
The arrow hits you!
* * * LOW HITPOINT WARNING * * *
The centaur shoots an arrow.
The arrow hits you.
* * * LOW HITPOINT WARNING * * *
The centaur shoots an arrow.
The arrow hits you!
You die...

### # .. #.. .# ...
#c##.##..
....#####.........
........#@##.###..
.....#....##.#... #
...?...).###.#.## .#
..........#.....###.#
##.
.#.#.#.......#..#...
.... . #
#.##....#..#.##.....
>.. #.....)......#
.######.#######.##.#
........# #.#


You could see a centaur.

Vanquished Creatures
  Grinder (D:3)
  Menkaure (D:4)
  An ogre (D:5)
  Robin (D:2)
  3 gnolls (D:4)
  2 adders (D:2)
  A shadow imp (D:5)
  A worm (D:3)
  7 orcs
  8 bats
  6 endoplasms
  2 giant cockroaches
  13 goblins
  9 hobgoblins
  3 jackals (D:1)
  3 kobolds
  3 quokkas
  5 ball pythons
  4 frilled lizards
  8 rats
82 creatures vanquished.

Vanquished Creatures (others)
  3 plants (D:2)
3 creatures vanquished.

Grand Total: 85 creatures vanquished

Notes
Turn   | Place    | Note
-------+----------+-------------------------------------------
     0 | D:1      | IdlyInterested the Demonspawn Gladiator began the quest for
                  | the Orb.
     0 | D:1      | Reached XP level 1. HP: 16/16 MP: 1/1
   235 | D:1      | Discovered your monstrous ancestry.
   235 | D:1      | Gained mutation: You have sharp fingernails. [demonic
                  | ancestry]
   235 | D:1      | Reached XP level 2. HP: 19/22 MP: 2/2
   318 | D:1      | Reached skill level 3 in Long Blades
   537 | D:1      | Reached skill level 1 in Unarmed Combat
   822 | D:1      | Gained mutation: You have large cloven feet. [demonic
                  | ancestry]
   822 | D:1      | Reached XP level 3. HP: 24/27 MP: 3/3
  1032 | D:2      | Found a sparkling altar of Nemelex Xobeh.
  1108 | D:2      | Identified 2 scrolls of acquirement
  1108 | D:2      | Acquired a manual of Short Blades
  1236 | D:2      | Noticed Robin
  1262 | D:2      | Killed Robin
  1263 | D:2      | Gained mutation: You sometimes gain a little power by
                  | taking damage. [demonic ancestry]
  1263 | D:2      | Reached XP level 4. HP: 29/33 MP: 4/4
  1266 | D:2      | Reached skill level 1 in Armour
  1604 | D:2      | Found a faded altar of an unknown god.
  2153 | D:3      | Noticed Grinder
  2172 | D:3      | Killed Grinder
  2173 | D:3      | Reached skill level 5 in Long Blades
  2173 | D:3      | Reached skill level 1 in Stealth
  2173 | D:3      | Gained mutation: You have a pair of small horns on your
                  | head. [demonic ancestry]
  2173 | D:3      | Reached XP level 5. HP: 19/38 MP: 5/5
  2173 | D:3      | Reached XP level 6. HP: 22/44 MP: 6/6
  2934 | D:4      | Noticed Menkaure
  2945 | D:4      | Killed Menkaure
  2946 | D:4      | Reached skill level 1 in Evocations
  3005 | D:4      | Reached skill level 6 in Long Blades
  3192 | D:4      | You are sucked into a shaft and drop 1 floor!
  3192 | D:5      | Entered Level 5 of the Dungeon
  3229 | D:5      | Reached XP level 7. HP: 17/52 MP: 7/7
  3231 | D:5      | Shot with an arrow by a centaur

Illustrated notes

Levels and vault maps discovered:
D:1:      dpeg_arrival_subterranean_lakeside_camping, layout_basic
D:2:      layout_loops_ring, basic_altar, ebering_ecumenical_altar_rust,
          serial_bayou_pond_a, minmay_misc_feat_ornament,
          palyth_stone_intersect, st_stairs_5, hangedman_decor_clover_reticule,
          uniq_robin
D:3:      layout_basic, roderic_serpentine_path, uniq_grinder
D:4:      layout_layer_cave, grunt_decor_cap, st_stairs_7,
          nicolae_shop_vocational, uniq_menkaure
D:5:      layout_basic, grunt_temple_overflow_champion_of_chaos,
          nicolae_vehumet_radiance

Skill      XL: |  1  2  3  4  5  6 |
---------------+-------------------+-----
Throwing       | 2 |  2.0
Dodging        | 3 |  3.0
Long Blades    | 3 5 6 |  6.1
Unarmed Combat | 1 2 |  2.0
Armour         | 1 |  1.0
Stealth        | 1 |  1.0
Evocations     | 1 |  1.0
Fighting       | 3 |  3.0

Action                     |  1- 3 |  4- 6 |  7- 9 || total
---------------------------+-------+-------+-------++-------
  Melee: Long sword        |   138 |    80 |       ||   218
         Kick              |    11 |    23 |       ||    34
         Punch             |     2 |       |       ||     2
         Scimitar          |       |    14 |       ||    14
         Headbutt          |       |     6 |       ||     6
  Throw: Stone             |    12 |     9 |       ||    21
    Use: Scroll            |     3 |     4 |       ||     7
         Potion            |     2 |     2 |       ||     4
 Armour: Leather armour    |    25 |       |       ||    25
         Ring mail         |    30 |    10 |       ||    40
         Chain mail        |       |    32 |       ||    32
  Dodge: Dodged            |   103 |    38 |       ||   141
  Block: Other             |    21 |    30 |       ||    51
         Reflection        |       |     2 |       ||     2

Table legend: (Time is in decaauts)
 A = Elapsed time spent in this place.
 B = Non-inter-level travel time spent in this place.
 C = Inter-level travel time spent in this place.
 D = Time resting spent in this place.
 E = Time spent auto-exploring this place.
 F = Levels seen in this place.
 G = Mean time per level.
                   A        B        C        D        E       F      G
               +--------+--------+--------+--------+--------+-----+--------+
         Total |   3286 |   2906 |    380 |    348 |   1615 |   5 |  657.2 |
       Dungeon |   3286 |   2906 |    380 |    348 |   1615 |   5 |  657.2 |
               +--------+--------+--------+--------+--------+-----+--------+

Top non-repeatable levels by time:
     D:1: 1198 daAuts
     D:2: 989 daAuts
     D:3: 802 daAuts
     D:4: 257 daAuts
     D:5: 39 daAuts
